 Dungeon Crawl Stone Soup version 0.20.1-1-g8b1a95d (webtiles) character file.

1108 polve the Carver (level 8, -3/58 HPs)
             Began as a Demonspawn Abyssal Knight on July 7, 2017.
             Was a Priest of Lugonu.
             Slain by Duvessa
             ... wielding a +0 rapier
              (15 damage)
             ... on level 5 of the Dungeon.
             The game lasted 00:07:07 (6607 turns).

polve the Carver (Demonspawn Abyssal Knight)        Turns: 6607, Time: 00:07:08

Health: -3/58      AC:  6    Str: 12    XL:     8   Next: 11%
Magic:  0/9        EV: 11    Int: 15    God:    Lugonu [***...]
Gold:   355        SH:  0    Dex: 14    Spells: 7/7 levels left

rFire    . . .     SeeInvis .   a - +1 falchion
rCold    . . .     Gourm    .   (no shield)
rNeg     . . .     Faith    .   s - +0 ring mail
rPois    +         Spirit   +   (no helmet)
rElec    .         Reflect  .   j - scarf {Spirit}
rCorr    .         Harm     .   w - +0 pair of gloves
MR       .....                  (no boots)
Stlth    ++........             (no amulet)
Regen    0.2/turn               f - ring of poison resistance
MPRegen  0.2/turn               u - ring of wizardry

@: no status effects
A: hooves 1, demonic guardian 1, nightstalker 1, sturdy frame 1
a: Depart the Abyss, Bend Space, Banish, Renounce Religion


You were on level 5 of the Dungeon.
You worshipped Lugonu.
Lugonu was most pleased with you.
You were very hungry.

You visited 1 branch of the dungeon, and saw 5 of its levels.
You visited the Abyss 1 time.

You collected 355 gold pieces.

Inventory:

Hand Weapons
 a - a +1 falchion (weapon)
 b - a +0 blowgun
Missiles
 y - 29 poisoned needles
Armour
 j - a scarf of spirit shield (worn)
 s - a +0 ring mail (worn)
 w - a +0 pair of gloves (worn)
Jewellery
 f - a ring of poison resistance (left hand)
 u - a ring of wizardry (right hand)
Wands
 K - a wand of polymorph (1/24)
Scrolls
 d - 2 scrolls of amnesia {unknown}
 e - a scroll of noise {unknown}
 h - 7 scrolls of identify
 k - 2 scrolls of fog {unknown}
 l - 2 scrolls of magic mapping {unknown}
 m - 4 scrolls of remove curse
 q - 2 scrolls of random uselessness {unknown}
 t - 4 scrolls of enchant weapon {unknown}
 v - a scroll of blinking {unknown}
 x - a scroll of enchant armour {unknown}
 A - a scroll of fear {unknown}
 B - a scroll of acquirement {unknown}
 G - a scroll of recharging {unknown}
 H - a scroll of teleportation {unknown}
Potions
 g - 2 potions of heal wounds {unknown}
 i - a potion of berserk rage {unknown}
 n - a potion of ambrosia {unknown}
 r - 2 potions of flight {unknown}
 z - a potion of cancellation {unknown}
 C - 2 potions of agility {unknown}
 D - a potion of brilliance {unknown}
 E - 5 potions of degeneration {unknown}
 F - a potion of curing {unknown}
 J - a potion of lignification {unknown}
 L - 2 potions of mutation {unknown}
Comestibles
 c - 2 bread rations
 o - 5 meat rations
 p - a royal jelly


   Skills:
 - Level 3.0 Fighting
 + Level 9.0 Long Blades
 - Level 1.7 Armour
 - Level 0.8 Dodging
 - Level 2.4 Invocations


You had 7 spell levels left.
You didn't know any spells.

Dungeon Overview and Level Annotations

Branches:
Dungeon (5/15)
 Temple: D:4-7

Altars:
Cheibriados
Fedhas
Kikubaaqudgha
Vehumet

Annotations:
D:5 Duvessa


Innate Abilities, Weirdness & Mutations

You have large cloven feet.
A weak demonic guardian rushes to your aid.
You are slightly more attuned to the shadows.
Your movements are slightly less encumbered by armour. (ER -2)


Message History

Your ufetubus hits Duvessa.
Your ufetubus hits Duvessa but does no damage.
Duvessa hits your ufetubus with a rapier!!
Your ufetubus dies!
Duvessa shouts!
You hit Duvessa but do no damage. Your kick misses Duvessa.
Duvessa is severely wounded.
Duvessa hits you with a rapier.
* * * LOW HITPOINT WARNING * * *
You hit Duvessa. You kick Duvessa.
Duvessa is almost dead.
Duvessa hits you with a rapier!
* * * LOW HITPOINT WARNING * * *
Duvessa rages.
Duvessa hits you with a rapier.
* * * LOW HITPOINT WARNING * * *
You closely miss Duvessa. You kick Duvessa, but do no damage.
Duvessa is almost dead.
Duvessa hits you with a rapier!!
You die...

#.#######'##.# #.#<.. .#######.#
.# #.#[## #.....# ........##.#
#.#..) #.....# #######...#.#
#e#### ##.....# ........#.#.# #.#
.......# .......[#...###.####
.......# ........##..........
.......#############.#.....#.###.
................@e.............(.
.#.....#########.......#...#.#...
.#.....# #.......#...#.#...
.#.....# #.......'...#.#...
.#.....# #.......##..#.#...
.###############.............#...
.# #........########.#=...#...
.######......>.# #.#........
.#...##........########......#...


You could see Duvessa (berserk).

Vanquished Creatures
  An ice beast (D:5)
  An ogre (D:4)
  A phantom (D:5)
  A centaur (D:5)
  A jelly (D:5)
  2 orc priests (D:4)
  2 orc wizards
  A gnoll shaman (D:4)
  An iguana (D:4)
  Ijyb (D:5)
  Natasha (thrice) (D:4)
  4 worker ants
  A hound skeleton (D:5)
  4 gnolls
  7 adders
  An ooze (D:2)
  3 worms
  2 dart slugs (D:2)
  2 leopard geckos (D:5)
  12 orcs
  5 bats
  3 giant cockroaches
  6 hobgoblins
  2 jackals (D:4)
  8 kobolds
  A quokka (D:2)
  6 frilled lizards
  5 goblins
  A leopard gecko skeleton (D:4)
  5 rats
93 creatures vanquished.

Vanquished Creatures (collateral kills)
  Grinder (D:3)
  The ghost of vishdafish the Shooter, an amateur CeHu of Okawaru (D:3)
  Dowan (D:5)
  A hound (D:5)
  An iguana (D:3)
  2 gnolls
  An orc (D:4)
  A quokka (D:4)
  A rat (D:3)
10 creatures vanquished.

Vanquished Creatures (others)
  4 toadstools (D:1)
4 creatures vanquished.

Grand Total: 107 creatures vanquished

Notes
Turn   | Place    | Note
-------+----------+-------------------------------------------
     0 | Abyss:1  | polve the Demonspawn Abyssal Knight began the quest for the Orb.
     0 | Abyss:1  | Reached XP level 1. HP: 18/18 MP: 2/2
    42 | Abyss:1  | Noticed a starcursed mass
    52 | Abyss:1  | Found a corrupted altar of Lugonu.
   101 | Abyss:1  | Noticed an apocalypse crab
   103 | Abyss:1  | Noticed a rakshasa
   136 | Abyss:1  | Noticed a vampire
   138 | D:1      | Escaped the Abyss
   187 | D:1      | Reached skill level 2 in Long Blades
   255 | D:1      | Reached * piety under Lugonu
   543 | D:1      | Gained mutation: You are slightly more attuned to the shadows. [demonic ancestry]
   543 | D:1      | Reached XP level 2. HP: 22/24 MP: 3/3
   929 | D:2      | Found a snail-covered altar of Cheibriados.
  1357 | D:2      | Reached skill level 3 in Long Blades
  1357 | D:2      | Gained mutation: Your movements are slightly less encumbered by armour. (ER -2) [demonic ancestry]
  1357 | D:2      | Reached XP level 3. HP: 29/29 MP: 4/4
  2154 | D:2      | Found a radiant altar of Vehumet.
  2160 | D:2      | Gained mutation: A weak demonic guardian rushes to your aid. [demonic ancestry]
  2160 | D:2      | Reached XP level 4. HP: 33/35 MP: 5/5
  2373 | D:3      | Reached skill level 4 in Long Blades
  2611 | D:3      | Noticed vishdafish's ghost (amateur CeHu)
  2778 | D:3      | Found a blossoming altar of Fedhas.
  2830 | D:3      | Found an ancient bone altar of Kikubaaqudgha.
  2961 | D:3      | Killed vishdafish's ghost
  2961 | D:3      | Reached skill level 5 in Long Blades
  2961 | D:3      | Gained mutation: You have large cloven feet. [demonic ancestry]
  2961 | D:3      | Reached XP level 5. HP: 25/41 MP: 4/6
  3070 | D:3      | Reached ** piety under Lugonu
  3193 | D:3      | Noticed Grinder
  3199 | D:3      | Paralysed by Grinder for 6 turns
  3202 | D:3      | Killed Grinder
  3202 | D:3      | Reached XP level 6. HP: 31/47 MP: 4/7
  3547 | D:3      | Reached skill level 6 in Long Blades
  4613 | D:4      | Noticed Natasha
  4622 | D:4      | Killed Natasha
  4633 | D:4      | Noticed Natasha
  4638 | D:4      | Killed Natasha
  4638 | D:4      | Reached skill level 7 in Long Blades
  4638 | D:4      | Reached XP level 7. HP: 29/52 MP: 5/8
  5342 | D:4      | Noticed Natasha
  5352 | D:4      | Killed Natasha
  5426 | D:5      | Entered Level 5 of the Dungeon
  5500 | D:5      | Noticed Duvessa
  5500 | D:5      | Noticed Dowan
  5618 | D:5      | Reached skill level 8 in Long Blades
  5636 | D:5      | Killed Dowan
  5842 | D:5      | Noticed Ijyb
  5879 | D:5      | Reached *** piety under Lugonu
  5897 | D:5      | Killed Ijyb
  6382 | D:5      | Found a blossoming altar of Fedhas.
  6400 | D:5      | Reached XP level 8. HP: 58/58 MP: 7/9
  6405 | D:5      | Got a brightly glowing whip
  6458 | D:5      | Reached skill level 9 in Long Blades
  6607 | D:5      | Slain by Duvessa

Skill      XL: |  1  2  3  4  5  6  7  8 |
---------------+-------------------------+-----
Long Blades    | 2 3 5 7 8 9 |  9.0
Fighting       | |  3.0
Armour         | |  1.7
Dodging        | |  0.8
Invocations    | |  2.4

Action                   |  1- 3 |  4- 6 |  7- 9 || total
-------------------------+-------+-------+-------++-------
Melee: Falchion          |    99 |   139 |   169 ||   407
       Kick              |       |    30 |    54 ||    84
       Unarmed           |       |       |     9 ||     9
Invok: Depart the Abyss  |     1 |       |       ||     1
  Use: Scroll            |       |       |     2 ||     2
 Stab: Sleeping          |     7 |     2 |     1 ||    10
       Distracted        |     1 |       |     3 ||     4
  Eat: Chunk             |     4 |     8 |     5 ||    17
Armor: Leather armour    |    23 |     3 |       ||    26
       Ring mail         |       |    22 |    34 ||    56
Dodge: Dodged            |    63 |    66 |    72 ||   201
       Rpst.: Falchion   |    19 |    20 |    21 ||    60
